 Dungeon Crawl Stone Soup version 0.16.0-18-g484a79e (webtiles) character file.

574 talyn the Twirler (level 7, -1/50 HPs)
             Began as a Demonspawn Gladiator on Mar 23, 2015.
             Slain by gw's ghost (10 damage)
             ... on level 4 of the Dungeon.
             The game lasted 00:06:55 (3815 turns).

talyn the Twirler (Demonspawn Gladiator)            Turns: 3815, Time: 00:06:55

Health: -1/50      AC:  5    Str: 15    XL:     7   Next: 12%
Magic:  7/7        EV: 17    Int: 10    God:
Gold:   179        SH:  0    Dex: 20    Spells: 0 memorised, 6 levels left

rFire  . . .     SeeInvis .     a - +2 quarterstaff
rCold  . . .     Clarity  .     e - +0 ring mail
rNeg   . . .     SustAb   .     (no shield)
rPois  .         Gourm    .     (helmet restricted)
rElec  .         Spirit   .     (no cloak)
rCorr  .         Warding  .     (no gloves)
rMut   .         Stasis   .     (no boots)
MR     .....                    (no amulet)
Stlth  +++++.....               (no ring)
                                (no ring)

@: agile, not resistant to hostile enchantments, quite stealthy
A: horns 1, nightstalker 2, powered by pain 1
a: no special abilities


You were on level 4 of the Dungeon.
You were not hungry.

You visited 1 branch of the dungeon, and saw 4 of its levels.

You collected 179 gold pieces.

Inventory:

Hand weapons
 a - a +2 quarterstaff (weapon)
Missiles
 d - 2 throwing nets (quivered)
Armour
 e - a +0 ring mail (worn)
Magical devices
 f - a wand of random effects (35)
Scrolls
 c - 2 scrolls of identify
Potions
 b - 3 potions of curing
 k - a potion of resistance
 l - a potion of magic
Comestibles
 g - 2 beef jerkies
 j - 2 meat rations


   Skills:
 - Level 2.0 Fighting
 * Level 6.5 Staves
 - Level 1.7 Throwing
 - Level 2.6 Dodging
 + Level 3.8 Stealth


You had 6 spell levels left.
You didn't know any spells.

Dungeon Overview and Level Annotations

Branches:
Dungeon (4/15)
 Temple: D:4-7

Altars:

Annotations:
D:4 gw's ghost, average TrMo


Innate Abilities, Weirdness & Mutations

You have a pair of small horns on your head.
You are significantly more attuned to the shadows.
You sometimes gain a little power by taking damage.


Message History

You headbutt gw's ghost, but do no damage.
Gw's ghost hits you!
You focus on the pain.
You feel agile all of a sudden.
You sock gw's ghost! Your headbutt misses gw's ghost.
Gw's ghost is moderately damaged.
Gw's ghost misses you.
You sock gw's ghost! You headbutt gw's ghost.
Gw's ghost is heavily damaged.
Gw's ghost hits you!
You closely miss gw's ghost.
Gw's ghost is heavily damaged.
Gw's ghost hits you!
* * * LOW HITPOINT WARNING * * *
You hit gw's ghost. You headbutt gw's ghost.
Gw's ghost is severely damaged.
Gw's ghost closely misses you.
You hit gw's ghost.
Gw's ghost is severely damaged.
Gw's ghost hits you!
You die...

..........############
...........##.........###
####.).รท..#....).......#
##..)...#...)......##
##.....#..).......#
#................#
##...............#
#...W..........##
#####.@...........#
.....[...........##
.........!.......#
................##
............[..##
...###........... #
#.......... #.........
##......


You could see gw's ghost.

Vanquished Creatures
  Edmund (D:4)
  A phantom (D:4)
  An ogre (D:4)
  2 orc priests (D:4)
  An iguana (D:3)
  A hound skeleton (D:4)
  3 gnolls (D:3)
  10 adders
  2 worms
  An adder skeleton (D:4)
  2 giant geckos
  4 orcs (D:4)
  5 bats
  8 giant cockroaches
  7 hobgoblins
  8 kobolds
  3 ball pythons (D:2)
  5 giant newts
  7 goblins
  8 rats
80 creatures vanquished.

Notes
Turn   | Place    | Note
--------------------------------------------------------------
     0 | D:1      | talyn, the Demonspawn Gladiator, began the quest for the Orb.
     0 | D:1      | Reached XP level 1. HP: 16/16 MP: 1/1
   276 | D:1      | Reached skill level 3 in Staves
   301 | D:1      | Gained mutation: You are slightly more attuned to the shadows. [demonic ancestry]
   301 | D:1      | Reached XP level 2. HP: 17/22 MP: 2/2
  1137 | D:2      | Gained mutation: You have a pair of small horns on your head. [demonic ancestry]
  1137 | D:2      | Reached XP level 3. HP: 27/27 MP: 3/3
  1215 | D:2      | Reached skill level 4 in Staves
  2024 | D:3      | Reached skill level 1 in Stealth
  2024 | D:3      | Gained mutation: You sometimes gain a little power by taking damage. [demonic ancestry]
  2024 | D:3      | Reached XP level 4. HP: 33/33 MP: 4/4
  2372 | D:3      | Reached XP level 5. HP: 29/38 MP: 5/5
  2723 | D:4      | Noticed a phantom
  2767 | D:4      | Killed a phantom
  2767 | D:4      | Reached skill level 5 in Staves
  3027 | D:4      | Noticed an ogre
  3036 | D:4      | Killed an ogre
  3036 | D:4      | Gained mutation: You are significantly more attuned to the shadows. [demonic ancestry]
  3036 | D:4      | Reached XP level 6. HP: 38/44 MP: 6/6
  3248 | D:4      | Reached skill level 6 in Staves
  3320 | D:4      | Noticed Edmund
  3346 | D:4      | Killed Edmund
  3346 | D:4      | Reached XP level 7. HP: 19/50 MP: 7/7
  3802 | D:4      | Noticed gw's ghost (average TrMo)
  3815 | D:4      | Slain by gw's ghost

Action                   |  1- 3 |  4- 6 |  7- 9 || total
-------------------------+-------+-------+-------++-------
Melee: Quarterstaff      |   102 |   117 |    28 ||   247
Throw: Throwing net      |     5 |     2 |       ||     7
  Use: Scroll            |     8 |     2 |       ||    10
       Potion            |       |       |     1 ||     1
 Stab: Sleeping          |     2 |     4 |       ||     6
       Held in net/web   |     1 |       |       ||     1
       Distracted        |     1 |       |       ||     1
  Eat: Beef jerky        |     1 |     1 |       ||     2
       Bread ration      |     1 |       |     1 ||     2
